 Dungeon Crawl Stone Soup version 0.30.0-5-g1a98f26d00 (webtiles) character file.

Game seed: 17485389163115631518

24 trckry the Changer (level 2, -1/21 HPs)
             Began as a Demonspawn Wanderer on May 13, 2023.
             Slain by Terence
             ... wielding a +0 trident
              (7 damage)
             ... on level 2 of the Dungeon.
             The game lasted 00:01:19 (1076 turns).

trckry the Changer (Demonspawn Wanderer)            Turns: 1076, Time: 00:01:20

Health: -1/21      AC:  5    Str: 17    XL:     2   Next: 79%
Magic:  3/3        EV: 10    Int: 11    God:
Gold:   111        SH:  0    Dex:  9    Spells: 3/3 levels left

rFire   . . .        a - +0 club
rCold   . . .        (no shield)
rNeg    . . .        c - +0 ring mail
rPois   .            (no helmet)
rElec   .            (no cloak)
rCorr   .            (no gloves)
SInv    .            (no boots)
Will    .....        (no amulet) Stlth
                     (no ring)
HPRegen 0.23/turn    (no ring)
MPRegen 0.08/turn

%: no passive effects
@: no status effects
A: foul stench 1
a: no special abilities


You were on level 2 of the Dungeon.
You visited 1 branch of the dungeon, and saw 2 of its levels.

You collected 111 gold pieces.

Inventory:

Hand Weapons
 a - a +0 club (weapon)
Armour
 c - a +0 ring mail (worn)
Jewellery
 k - a ring of ice
Scrolls
 b - a scroll of blinking
 e - 4 scrolls of identify {unknown}
 g - a scroll of teleportation {unknown}
Potions
 d - a potion of flight {unknown}
 f - a potion of might {unknown}
 h - a potion of brilliance {unknown}
 i - a potion of lignification {unknown}
 j - a potion of magic {unknown}


   Skills:
 + Level 1.3 Fighting
 - Level 1.0 Throwing
 + Level 3.0 Armour
 + Level 1.1 Dodging
 - Level 1.0 Spellcasting
 - Level 3.6 Transmutations
 - Level 1.0 Earth Magic


You had 3 spell levels left.
You didn't know any spells.
Your spell library contained the following spells:

 Spells                   Type           Power      Damage    Failure   Level
 Beastly Appendage        Tmut           16%        N/A       13%         1
 Sandblast                Erth           4%         2d4       36%         1
 Apportation              Tloc           0%         N/A       50%         1
 Necrotise                Necr           0%         1d4       50%         1
 Summon Small Mammal      Summ           0%         N/A       50%         1
 Ignite Poison            Fire/Tmut/Pois 3%         N/A       71%         3
 Stone Arrow              Conj/Erth      2%         3d7       80%         3
 Hailstorm                Conj/Ice       0%         3d3       86%         3
 Ice Form                 Ice/Tmut       4%         N/A       95%         4
 Blade Hands              Tmut           4%         N/A       98%         5
 Irradiate                Conj/Tmut      2%         3d12      100%        5
 Simulacrum               Ice/Necr       0%         N/A       100%        6
 Dragon Form              Tmut           4%         N/A       100%        7


Dungeon Overview and Level Annotations

Branches:
Dungeon (2/15) Zot: 10900

Altars:

Shops:
D:2 ?

Annotations:
D:2 Terence


Innate Abilities, Weirdness & Mutations

You may rarely emit foul miasma when damaged in melee.


Message History

Found 12 gold pieces and a book of Transfigurations.
You now have 84 gold pieces (gained 8).
Found 15 gold pieces.
You pick up a book of Transfigurations and begin reading...
You add the spells Irradiate, Blade Hands and Dragon Form to your library.
You now have 99 gold pieces (gained 15).
Found a scroll labelled UREGHY ZECO.
Found a short sword.
Found 7 gold pieces.
Found a twisted coral ring.
You now have 111 gold pieces (gained 12).
e - 4 scrolls labelled UREGHY ZECO (gained 1)
k - a ring of ice Terence the Incautious comes into view.
He is wielding a +0 trident.
Found a stone staircase leading up.
Terence shouts!
Terence is nearby!
Terence is nearby!
Terence barely misses you. Terence closely misses you.
Okay, then.
You hit Terence but do no damage. Terence hits you but does no damage.
You barely miss Terence. Terence hits you with a +0 trident!
You take 8 damage, and have 13/21 hp.
MASSIVE DAMAGE!!
You barely miss Terence. Terence hits you with a +0 trident.
Terence hits you but does no damage.
You take 1 damage, and have 12/21 hp.
You hit Terence but do no damage. Terence says, "Did you write a will?
You should..."
Terence barely misses you.
You hit Terence but do no damage. Terence barely misses you.
You hit Terence.
Terence is lightly wounded.
Terence closely misses you. Terence hits you with a +0 trident!
* * * LOW HITPOINT WARNING * * *
You take 7 damage, and have 6/21 hp.
MASSIVE DAMAGE!!
You hit Terence but do no damage.
Terence is lightly wounded.
Terence hits you with a +0 trident!
You die...

#.#####.##....#.# # #.#
#.#......## # #.#
#.......[.## ## #.#
#..........###.
#.#####...........#..
#....................
####.####............
#######.####............
.......@##..............
.#####.@##.......<##..#.
....##.........#..#.
#.##.###.............. #
#. #..............
<..................
#...).#.#####......
......#.##......### ..$
#.##.##.###


You could see Terence.

Vanquished Creatures
  An adder (D:2)
  An endoplasm (D:1)
  2 giant cockroaches
  A hobgoblin (D:1)
  A quokka (D:1)
  A ball python (D:2)
  3 bats
  2 goblins
  A kobold (D:1)
  2 rats (D:2)
15 creatures vanquished.

Notes
Turn   | Place    | Note
-------+----------+-------------------------------------------
     0 | D:1      | trckry the Demonspawn Wanderer began the quest for the Orb.
     0 | D:1      | trckry set off with the following items: a +0 club, a
                  | scroll of blinking, a +0 ring mail; and the following
                  | spells available to memorise: Beastly Appendage, Sandblast,
                  | Ignite Poison, Stone Arrow, Ice Form.
     0 | D:1      | Reached XP level 1. HP: 13/13 MP: 2/2
   172 | D:1      | HP: 1/13 [frozen (5)]
   713 | D:1      | Gained mutation: You may rarely emit foul miasma when
                  | damaged in melee. [demonic ancestry]
   713 | D:1      | Reached XP level 2. HP: 20/20 MP: 3/3
   932 | D:2      | Found Dour's Magic Scroll Emporium.
   939 | D:2      | Reached skill level 1 in Fighting
   970 | D:2      | Reached skill level 1 in Dodging
  1067 | D:2      | Noticed Terence
  1076 | D:2      | Slain by Terence

Illustrated notes

Levels and vault maps discovered:
D:1:      minmay_arrival_four_houses, layout_loops_ring
D:2:      layout_loops_cross, serial_shops, nicolae_shop_trees, uniq_terence

Skill      XL: |  1  2 |
---------------+-------+-----
Fighting       | 1 |  1.3
Armour         | 3 |  3.0
Dodging        | 1 |  1.1
Throwing       | |  1.0
Spellcasting   | |  1.0
Transmutations | |  3.6
Earth Magic    | |  1.0

Action                     || total
---------------------------++-------
  Melee: Club              ||    77
         Punch             ||     1
 Armour: Ring mail         ||    47
  Dodge: Dodged            ||    53
